 Dungeon Crawl Stone Soup version 0.21.1-1-g345015f (webtiles) character file.

2667 Mgcat the Fighter (level 9, -4/79 HPs)
             Began as a Barachi Berserker on Mar 3, 2018.
             Was a Priest of Trog.
             Slain by a hell hound (10 damage)
             ... on level 8 of the Dungeon.
             The game lasted 00:15:48 (6703 turns).

Mgcat the Fighter (Barachi Berserker)               Turns: 6703, Time: 00:15:49

Health: -4/79      AC:  7    Str: 22    XL:     9   Next: 63%
Magic:  9/9        EV:  9    Int: 12    God:    Trog [***...]
Gold:   373        SH:  7    Dex: 13    Spells: 8/8 levels left

rFire    + . .     SeeInvis .   x - +2 war axe (venom)
rCold    + + .     Gourm    .   d - +0 shield {rC+ rF+}
rNeg     . . .     Faith    .   E - +1 ring mail {rC+}
rPois    +         Spirit   .   (no helmet)
rElec    .         Reflect  .   (no cloak)
rCorr    +         Harm     .   (no gloves)
MR       ++...                  p - +0 pair of boots
Stlth    +.........             (no amulet)
HPRegen  1.23/turn              y - ring "Feacoch" {rCorr Str+3 Int+3}
MPRegen  0.11/turn              w - ring of poison resistance {rPois, !d}

@: berserk cooldown, regenerating, slowed, very slow
A: +LOS, swims, slowness 1, strong legs 1
a: Hop, Berserk, Trog's Hand, Burn Spellbooks, Renounce Religion


You were on level 8 of the Dungeon.
You worshipped Trog.
Trog was most pleased with you.
You were not hungry.

You visited 1 branch of the dungeon, and saw 8 of its levels.
You also visited: Sewer.

You collected 373 gold pieces.

Inventory:

Hand Weapons
 x - a +2 war axe of venom (weapon)
   (You took it off an orc on level 4 of the Dungeon)
Missiles
 C - 2 throwing nets {=f, !d}
Armour
 d - a +0 shield of resistance (worn)
   (You acquired it on level 7 of the Dungeon)
 p - a +0 pair of boots (worn)
   (You found it on level 2 of the Dungeon)
 E - a +1 ring mail of cold resistance (worn)
   (You found it on level 7 of the Dungeon)
Jewellery
 w - a ring of poison resistance (right hand) {rPois, !d}
   (You found it on level 4 of the Dungeon)
 y - the ring "Feacoch" (left hand) {rCorr Str+3 Int+3}
   (You found it on level 4 of the Dungeon)

   [ring of resist corrosion]

   It affects your strength (+3).
   It affects your intelligence (+3).
Wands
 h - a wand of flame (22)
   (You found it on level 6 of the Dungeon)
Scrolls
 b - 3 scrolls of fear
 e - 6 scrolls of magic mapping {!r}
 o - 3 scrolls of identify
 r - a scroll of blinking {!r}
 s - a scroll of teleportation
 v - a scroll of remove curse
 D - a scroll of brand weapon
Potions
 a - 3 potions of degeneration {unknown}
 f - 2 potions of ambrosia {unknown}
 g - 2 potions of lignification {unknown}
 i - a potion of heal wounds {unknown}
 j - 3 potions of brilliance {unknown}
 k - a potion of magic {unknown}
 l - 3 potions of haste {unknown}
 m - 2 potions of flight {unknown}
 n - 3 potions of curing
 q - 2 potions of might {unknown}
 u - a potion of cancellation {unknown}
 F - a potion of berserk rage {unknown}
Comestibles
 c - 11 rations
 t - 2 chunks of flesh {@w0}


   Skills:
 + Level 10.9 Fighting
 + Level 10.1 Axes
 + Level 3.6 Armour
 + Level 3.3 Dodging


You had 8 spell levels left.
You didn't know any spells.

Dungeon Overview and Level Annotations

Branches:
Dungeon (8/15)             Temple (0/1) D:5
   Lair: D:8-11

Altars:
Ashenzari
Dithmenos
Gozag
Hepliaklqana
Kikubaaqudgha
Okawaru
Sif Muna
Trog
Uskayaw
Xom
Zin

Shops:
D:3 *


Innate Abilities, Weirdness & Mutations

Shadows flee at your approach. (+LOS)
You can swim through water.
You cover ground slowly.
You can hop short distances.


Message History

What level of the Dungeon? (default 1, ? - help)
You see here 21 stones.
There is a stone staircase leading down here.
You climb downwards.
You hear the hiss of flowing sand.
There is an entrance to an ossuary on this level.
Hurry and find it before the portal is buried!
A bullfrog comes into view.
The bullfrog gives a loud, deep croak!
Found a stone staircase leading down.
There is a stone staircase leading up here.
You closely miss the bullfrog. The bullfrog hits you!
You slash the bullfrog!
The bullfrog is severely wounded.
The bullfrog hits you. You block the bullfrog's attack.
Your shield and ring mail prevent you from hitting the bullfrog.
The bullfrog is severely wounded.
The bullfrog hits you. x2
A hound comes into view.
You miss the bullfrog.
The bullfrog is severely wounded.
The hound barks!
You block the bullfrog's attack.
The bullfrog hits you but does no damage.
You slash the bullfrog!
You kill the bullfrog!
Trog accepts your kill.
A scorpion comes into view.
A red film seems to cover your vision as you go berserk!
You feel yourself moving faster!
You feel mighty!
You feel a lot more hungry. The hound bites you but does no damage.
A bullfrog comes into view.
The bullfrog croaks.
You slice the hound!!
You kill the hound!
Trog accepts your kill.
You see here a hound corpse.
You feel a strong urge to attack something.
The bullfrog releases a deep croak.
You closely miss the scorpion.
The scorpion stings you but does no damage.
You slice the scorpion!!
You kill the scorpion!
Trog accepts your kill. The bullfrog barely misses you.
You slice the bullfrog!!
You kill the bullfrog!
Trog accepts your kill.
No target in view!
No target in view!
No target in view!
You are no longer berserk.
You are exhausted.
You feel yourself slow down.
You see here a hound corpse.
You butcher the hound corpse.
t - 2 chunks of flesh {@w0} 2 hell hounds come into view.
The hell hound barks! x2
The hell hound breathes flames at you. The blast of flame hits you! You resist.
There is a stone staircase leading up, spattered with blood here.
The hell hound breathes flames at you.
The blast of flame hits the hell hound.
The hell hound completely resists.
The blast of flame hits you! You resist. The hell hound bites you.
You closely miss the hell hound. The hell hound bites you.
The hell hound breathes flames at you. The blast of flame misses you.
You block the hell hound's attack.
You hit the hell hound.
The hell hound is lightly wounded.
The hell hound bites you!
The hell hound bites you but does no damage.
The hell hound bites you.
The hell hound bites you but does no damage.
You closely miss the hell hound.
The hell hound is lightly wounded.
You hit the hell hound but do no damage.
The hell hound is poisoned.
The hell hound breathes flames at you. The blast of flame hits you! You resist.
The hell hound bites you but does no damage.
The hell hound barely misses you. You block the hell hound's attack. x2
Your skin crawls.
You feel resistant to hostile enchantments.
You feel somewhat more hungry. The hell hound bites you.
You block the hell hound's attack. The hell hound bites you.
The hell hound barely misses you.
You slice the hell hound!!
The hell hound is severely wounded.
You miss the hell hound. The hell hound bites you!
* * * LOW HITPOINT WARNING * * *
The hell hound breathes flames at you. The blast of flame hits you! You resist.
* * * LOW HITPOINT WARNING * * *
The hell hound bites you!
* * * LOW HITPOINT WARNING * * *
The hell hound bites you but does no damage. x2
As you read the scroll of fear, it crumbles to dust.
You assume a fearsome visage.
The hell hound is unaffected. x2
The hell hound bites you!
You die...

###################
........<@h......(.
#####..>.h####.....
#.....# .. #.....#
#.....# #......
...###.. ..## #..#
## #...


You could see 2 hell hounds.

Vanquished Creatures
  Pikel (D:4)
  The ghost of appiemonkey the Chopper, a novice DsGl (D:5)
  A hippogriff (D:7)
  Menkaure (D:5)
  A water moccasin (D:5)
  An ogre (D:6)
  A phantom (D:4)
  The ghost of letownia2 the Conjurer, an amateur TeAE (D:3)
  3 bullfrogs
  3 scorpions
  A howler monkey (D:4)
  A bullfrog zombie (D:5)
  2 centaur zombies
  2 crimson imps
  A hound (D:8)
  2 orc priests
  A bullfrog skeleton (D:5)
  5 iguanas
  5 orc wizards
  3 worker ants
  A hound zombie (D:6)
  4 gnolls
  9 adders
  4 river rats (Sewer)
  An ooze (D:7)
  An adder skeleton (D:5)
  5 worms
  5 dart slugs
  2 leopard geckos
  17 orcs
  3 giant cockroaches
  7 hobgoblins
  4 jackals
  5 quokkas
  4 bats
  14 frilled lizards
  A goblin (D:2)
  5 kobolds
  21 rats
150 creatures vanquished.

Vanquished Creatures (others)
  A jackal (D:4)
1 creature vanquished.

Grand Total: 151 creatures vanquished

Notes
Turn   | Place    | Note
-------+----------+-------------------------------------------
     0 | D:1      | Mgcat the Barachi Berserker began the quest for the Orb.
     0 | D:1      | Reached XP level 1. HP: 18/18 MP: 1/1
   281 | D:1      | Reached XP level 2. HP: 25/25 MP: 2/2
   302 | D:1      | Reached skill level 4 in Fighting
  1031 | D:2      | Reached skill level 4 in Axes
  1031 | D:2      | Reached XP level 3. HP: 31/31 MP: 3/3
  1230 | D:2      | Reached XP level 4. HP: 38/38 MP: 4/4
  1444 | D:2      | Reached skill level 5 in Fighting
  1605 | D:3      | Found an opulent altar of Gozag.
  1606 | D:3      | Found Gozag's Platinum Reserve.
  1671 | D:3      | Reached ** piety under Trog
  1671 | D:3      | Reached skill level 5 in Axes
  1671 | D:3      | Reached XP level 5. HP: 17/44 MP: 5/5
  1776 | D:3      | Found a glowing drain.
  1801 | Sewer    | Entered a sewer
  2532 | D:3      | Found an iron altar of Okawaru.
  2739 | D:3      | Noticed letownia2's ghost (amateur TeAE)
  2753 | D:3      | Killed letownia2's ghost
  2753 | D:3      | Reached skill level 6 in Fighting
  2753 | D:3      | Reached XP level 6. HP: 26/52 MP: 6/6
  2960 | D:3      | Found a faded altar of an unknown god.
  3158 | D:4      | Reached skill level 6 in Axes
  3313 | D:4      | Noticed a phantom
  3360 | D:4      | Killed a phantom
  3360 | D:4      | Reached skill level 7 in Fighting
  3360 | D:4      | Reached XP level 7. HP: 42/60 MP: 7/7
  3419 | D:4      | Found a shimmering altar of Xom.
  3430 | D:4      | Found a hazy altar of Hepliaklqana.
  3433 | D:4      | Found a hide-covered altar of Uskayaw.
  3441 | D:4      | Found an ancient bone altar of Kikubaaqudgha.
  3506 | D:4      | Noticed Pikel
  3515 | D:4      | Killed Pikel
  3515 | D:4      | Reached skill level 8 in Fighting
  3515 | D:4      | Reached skill level 7 in Axes
  3515 | D:4      | Reached XP level 8. HP: 69/69 MP: 8/8
  3519 | D:4      | Got a transparent lead ring
  3520 | D:4      | Identified the ring "Feacoch" {rCorr Str+3 Int+3} (You found it on level 4 of the Dungeon)
  3613 | D:4      | Found a shadowy altar of Dithmenos.
  3692 | D:4      | Found a glowing silver altar of Zin.
  3972 | D:4      | Noticed a moth of wrath
  3975 | D:4      | Found a bloodstained altar of Trog.
  4177 | D:5      | Entered Level 5 of the Dungeon
  4203 | D:5      | Reached *** piety under Trog
  4203 | D:5      | Reached skill level 8 in Axes
  4319 | D:5      | Noticed appiemonkey's ghost (novice DsGl)
  4327 | D:5      | Killed appiemonkey's ghost
  4327 | D:5      | Reached skill level 9 in Fighting
  4533 | D:5      | Found a staircase to the Ecumenical Temple.
  4546 | D:5      | Noticed Menkaure
  4549 | D:5      | Killed Menkaure
  4549 | D:5      | Reached skill level 9 in Axes
  4880 | D:5      | Reached skill level 10 in Fighting
  4880 | D:5      | Reached XP level 9. HP: 67/78 MP: 9/9
  5131 | D:6      | Found a shattered altar of Ashenzari.
  5332 | D:6      | Found a deep blue altar of Sif Muna.
  5549 | D:6      | Found a shimmering altar of Xom.
  5550 | D:6      | Found a shimmering altar of Xom.
  5550 | D:6      | Found a shimmering altar of Xom.
  5551 | D:6      | Found a shimmering altar of Xom.
  5552 | D:6      | Found a shimmering altar of Xom.
  5991 | D:7      | Reached skill level 10 in Axes
  5991 | D:7      | Reached skill level 3 in Armour
  6364 | D:7      | Reached skill level 3 in Dodging
  6631 | D:7      | Identified a scroll of acquirement
  6702 | D:8      | HP: 19/79 [hell hound (7)]
  6702 | D:8      | HP: 4/79 [hell hound (10)]
  6703 | D:8      | Slain by a hell hound

Skill      XL: |  1  2  3  4  5  6  7  8  9 |
---------------+----------------------------+-----
Fighting       | 4 5 6 7 8 10 | 10.9
Axes           | 4 5 6 7 9 10 | 10.1
Armour         | 3 |  3.6
Dodging        | 3 |  3.3

Action                   |  1- 3 |  4- 6 |  7- 9 || total
-------------------------+-------+-------+-------++-------
Melee: Hand axe          |    85 |   225 |       ||   310
       War axe           |       |    13 |   270 ||   283
Invok: Berserk           |     3 |     6 |     8 ||    17
       Trog's Hand       |       |     2 |     6 ||     8
       Burn Spellbooks   |       |       |     1 ||     1
  Use: Scroll            |     1 |     5 |    10 ||    16
       Potion            |       |     1 |       ||     1
  Eat: Chunk             |     4 |    11 |    18 ||    33
       Ration            |       |     1 |     1 ||     2
Armor: Leather armour    |     1 |       |       ||     1
       Chain mail        |    33 |   130 |   128 ||   291
       Ring mail         |       |       |     8 ||     8
Dodge: Dodged            |    34 |    85 |   111 ||   230
Block: Shield            |       |       |     6 ||     6

Vault maps used:
D:1:      co_arrival_square_in_a_square_in_a_square
D:3:      cheibrodos_helix_gallery, nicolae_gozag_zags_fifth_avenue,
          chequers_ecumenical_altar_grove, portal_sewer_entry_d,
          okawaru_metal_pillars_3
D:4:      tgw_trog, zin_scriptorium, nicolae_overflow_quartered_altars,
          grunt_dithmenos_smoke, minmay_strange_pillars, minmay_crystal_room,
          uniq_pikel
D:5:      minmay_temple_entry_large_hall, first_ration,
          hangedman_decor_diamond_cutter, serial_park_tiny_pond, uniq_menkaure
D:6:      marbit_many_paths, nicolae_ashenzari_panopticon, xom_redecorated
D:8:      minmay_lair_entry_lava, enter_ossuary_5
Sewer:    sewer_co_cracked_pipes

Table legend:
 A = Turns spent in this place as a percentage of turns spent in the entire game.
 B = Non-inter-level travel turns spent in this place as a percentage of non-inter-level travel turns spent in the entire game.
 C = Inter-level travel turns spent in this place as a percentage of turns spent in this place.
 D = Turns resting spent in this place as a percentage of non-inter-level travel turns spent in this place.
 E = Turns spent auto-exploring this place as a percentage of non-inter-level travel turns spent in this place.
 F = Non-inter-level travel turns spent in this place divided by the number of levels of this place that you've seen.
                   A       B       C       D       E      F
               +-------+-------+-------+-------+-------+----------------------
         Total | 100.0 | 100.0 |   2.8 |   4.5 |  74.0 | 723.9
       Dungeon |  90.5 |  90.2 |   3.1 |   5.0 |  74.2 | 734.5
         Sewer |   9.5 |   9.8 |   0.0 |   0.0 |  72.0 | 639.0
               +-------+-------+-------+-------+-------+----------------------

Table legend:
 A = Kills in this place as a percentage of kills in entire the game.
 B = Kills by you in this place as a percentage of kills by you in the entire game.
 C = Kills by friends in this place as a percentage of kills by friends in the entire game.
 D = Other kills in this place as a percentage of other kills in the entire game.
 E = Experience gained in this place as a percentage of experience gained in the entire game.
 F = Experience gained in this place divided by the number of levels of this place that you have seen.
                   A       B       C       D       E      F
               +-------+-------+-------+-------+-------+----------------------
         Total | 100.0 | 100.0 |   N/A |   N/A | 100.0 | 423.3
       Dungeon |  83.3 |  83.3 |   N/A |   N/A |  98.0 | 466.9
         Sewer |  16.7 |  16.7 |   N/A |   N/A |   2.0 |  75.0
               +-------+-------+-------+-------+-------+----------------------
